Map: Jagannatha LE

Players

LiquidMaNa (MaNa) - Winner!

  • Race: Protoss Protoss
  • League: Grandmaster

TLHarstem (Harstem)

  • Race: Protoss Protoss
  • League: Master

Event: DreamHack SC2 Masters 2021 Summer

VOD

Have the link to the VOD?

Description

Time

  • Played on: May 20, 2021, 11:54 a.m.
  • Length: 9:32

All games in this series

Show
View Real Time Build Order
Export as new Build Order

LiquidMaNa Protoss - Winner!

Build Orders: Oracle Opening, Phoenix Opening 

Get SALT Encoding   

  12  0:00  Probe  
  13  0:12  Probe  
  14  0:17  Pylon  
  14  0:24  Probe  
  15  0:36  Probe (Chrono Boost)  
  15  0:38  Gateway  
  16  0:48  Probe (Chrono Boost)  
  16  0:49  Assimilator  
  17  0:53  Probe (Chrono Boost)  
  18  1:03  Probe (Chrono Boost)  
  19  1:08  Assimilator  
  19  1:13  Probe (Chrono Boost)  
  19  1:15  Gateway  
  19  1:18  Probe (Chrono Boost)  
  21  1:27  Cybernetics Core  
  21  1:30  Probe  
  22  1:37  Pylon  
  22  1:42  Probe  
  23  1:47  Pylon  
  23  1:55  Probe  
  24  2:06  Stargate  
  24  2:10  Adept  
  24  2:14  Adept  
  28  2:18  Probe  
  29  2:24  Pylon  
  29  2:35  Probe  
  30  2:46  Oracle (Chrono Boost)  
  30  2:47  Probe  
  34  2:55  Warp Gate  
  33  2:59  Probe  
  34  3:14  Nexus  
  34  3:17  Probe  
  35  3:26  Phoenix  
  37  3:32  Probe  
  38  3:42  Pylon  
  38  3:51  Probe  
  39  4:00  Phoenix (Chrono Boost)  
  41  4:03  Probe  
  42  4:11  Shield Battery  
  42  4:15  Probe  
  43  4:17  Pylon  
  45  4:27  Probe  
  45  4:29  Probe  
  47  4:33  Phoenix (Chrono Boost)  
  47  4:39  Probe  
  47  4:41  Probe  
  47  4:43  Stargate  
  50  4:53  Probe (Chrono Boost)  
  50  4:55  Phoenix (Chrono Boost)  
  50  4:57  Probe (Chrono Boost)  
  53  5:00  Twilight Council  
  53  5:02  Probe (Chrono Boost), Zealot x2  
  53  5:05  Probe (Chrono Boost)  
  59  5:07  Pylon  
  59  5:08  Probe  
  60  5:16  Probe  
  61  5:25  Phoenix  
  61  5:26  Pylon  
  61  5:27  Probe  
  61  5:28  Phoenix  
  66  5:30  Forge  
  66  5:34  Assimilator  
  66  5:39  Probe x2  
  68  5:47  Charge (Chrono Boost)  
  68  5:50  Zealot x2  
  68  5:51  Assimilator  
  68  5:54  Probe  
  68  5:55  Probe  
  72  6:05  Phoenix  
  72  6:07  Probe  
  73  6:12  Gateway  
  73  6:13  Gateway  
  73  6:17  Phoenix  
  75  6:22  Protoss Ground Weapons Level 1 (Chrono Boost)  
  75  6:30  Zealot  
  77  6:33  Probe  
  77  6:35  Nexus  
  77  6:37  Pylon  
  78  6:46  Pylon  
  78  6:49  Pylon  
  78  6:56  Zealot  
  78  6:58  Gateway x2  
  78  6:59  Zealot  
  82  7:05  Robotics Facility  
  82  7:14  Zealot x2  
  82  7:15  Probe x2  
  88  7:20  Zealot x2  
  92  7:34  Gateway  
  92  7:35  Gateway  
  92  7:36  Zealot  
  94  7:37  Zealot  
  96  7:53  Zealot x3  
  100  8:03  Phoenix x2  
  100  8:08  Zealot x3  
  100  8:11  Probe  
  100  8:12  Probe x2  
  102  8:26  Probe  
  103  8:30  Observer  
  103  8:31  Zealot x6  
  103  8:34  Observer (Chrono Boost)  
  116  8:37  Pylon  
  109  8:46  Observer (Chrono Boost)  
  109  8:47  Probe x2  
  111  9:09  Zealot x7  
  122  9:14  Zealot  
  124  9:23  Photon Cannon  
Show
View Real Time Build Order
Export as new Build Order

TLHarstem Protoss 

Build Orders:  

Get SALT Encoding   

  12  0:00  Probe  
  13  0:12  Probe  
  14  0:20  Pylon  
  14  0:24  Probe  
  15  0:38  Probe (Chrono Boost)  
  15  0:42  Gateway  
  16  0:47  Probe (Chrono Boost)  
  17  0:52  Probe (Chrono Boost), Assimilator  
  18  1:05  Probe (Chrono Boost)  
  19  1:16  Assimilator  
  19  1:17  Probe (Chrono Boost), Pylon  
  20  1:25  Probe (Chrono Boost)  
  21  1:29  Cybernetics Core  
  21  1:31  Probe  
  22  1:35  Zealot  
  24  1:43  Probe  
  25  1:55  Probe  
  26  2:06  Stalker  
  26  2:07  Probe  
  29  2:19  Probe  
  29  2:21  Stargate  
  30  2:28  Pylon  
  30  2:31  Probe  
  31  2:46  Nexus  
  31  2:52  Probe  
  32  2:58  Void Ray (Chrono Boost)  
  32  3:01  Gateway  
  33  3:09  Probe  
  33  3:12  Warp Gate  
  37  3:18  Pylon  
  37  3:21  Probe  
  38  3:33  Probe (Chrono Boost)  
  34  3:37  Void Ray  
  34  3:45  Probe (Chrono Boost)  
  34  3:48  Gateway  
  38  3:52  Probe (Chrono Boost)  
  39  3:59  Probe x2  
  41  4:02  Shield Battery  
  41  4:11  Probe  
  41  4:12  Probe  
  41  4:14  Void Ray  
  47  4:27  Probe  
  47  4:28  Pylon  
  48  4:31  Probe, Gateway  
  48  4:38  Gateway  
  49  4:44  Probe (Chrono Boost)  
  51  4:48  Probe (Chrono Boost)  
  51  4:55  Probe (Chrono Boost)  
  51  4:58  Probe (Chrono Boost), Twilight Council  
  53  5:00  Probe (Chrono Boost)  
  53  5:04  Stalker  
  56  5:08  Probe  
  56  5:09  Shield Battery  
  56  5:10  Probe  
  58  5:20  Probe  
  58  5:22  Probe  
  59  5:30  Blink (Chrono Boost)  
  59  5:32  Probe  
  59  5:33  Forge  
  59  5:35  Probe, Assimilator  
  61  5:38  Stalker, Sentry  
  65  5:44  Probe  
  65  5:47  Probe  
  65  5:48  Gateway  
  67  5:51  Pylon  
  67  5:53  Gateway, Phoenix  
  67  5:56  Probe  
  68  6:02  Probe  
  68  6:04  Protoss Ground Weapons Level 1 (Chrono Boost)  
  68  6:08  Probe  
  69  6:11  Robotics Facility  
  69  6:12  Pylon, Stalker  
  69  6:14  Probe  
  69  6:17  Pylon  
  72  6:20  Probe  
  73  6:29  Stalker  
  74  6:37  Probe  
  74  6:38  Probe  
  75  6:42  Stalker  
  75  6:43  Nexus  
  77  6:51  Probe  
  77  6:52  Dark Shrine  
  78  6:54  Stalker x2  
  78  6:57  Probe  
  78  7:00  Pylon  
  83  7:03  Probe  
  83  7:05  Stalker  
  86  7:09  Probe  
  86  7:15  Stalker  
  84  7:16  Probe  
  84  7:21  Probe  
  84  7:22  Assimilator  
  86  7:28  Probe  
  87  7:33  Probe  
  87  7:35  Pylon  
  88  7:38  Stalker  
  88  7:40  Probe  
  88  7:42  Stalker x2  
  95  7:49  Stalker  
  80  8:03  Stalker  
  80  8:04  Probe  
  77  8:06  Probe  
  77  8:08  Dark Templar x2  
  77  8:11  Probe  
  81  8:13  Pylon  
  81  8:16  Probe  
  81  8:18  Probe  
  82  8:22  Stalker  
  85  8:31  Dark Templar  
  85  8:33  Probe  
  78  8:36  Probe  
  76  8:45  Probe  
  77  8:50  Stalker x3  
  83  9:00  Nexus  
  83  9:06  Probe  
  83  9:07  Probe  
  75  9:15  Stalker x2  
  69  9:18  Probe  
  69  9:19  Probe  
Tags
 
Add a new tag
Caveats
  • Supply blocks, unpowered buildings, or Contaminate may cause inaccurate times.
  • Supply counts are checked every 10 seconds.